 Dungeon Crawl Stone Soup version 0.32-a0-22-g6ae6769602 (webtiles) character file.

Game seed: 17010053576473793423

12254 croobank the Basher (level 11, -2/78 HPs)
             Began as a Demonspawn Fire Elementalist on Jan 18, 2024.
             Was a High Priest of Dithmenos.
             Slain by a wraith (4 damage)
             ... summoned by a vampire mage
             ... on level 12 of the Dungeon.
             The game lasted 00:39:07 (16092 turns).

croobank the Basher (Demonspawn Fire Elementalist) Turns: 16092, Time: 00:39:08

Health: -2/78      AC:  8    Str: 16    XL:     11   Next: 60%
Magic:  18/18      EV: 19    Int: 21    God:    Dithmenos [*****.]
Gold:   569        SH: 11    Dex: 19    Spells: 14/20 levels left

rFire   . . .        v - +7 morningstar
rCold   . . .        B - +1 buckler of Painted Miracles {rElec Str+2}
rNeg    . . .        a - +0 robe
rPois   .            b - +1 hat
rElec   +            g - +1 cloak
rCorr   +            O - +0 pair of gloves
SInv    .            (boots unavailable)
Will    .....        k - amulet "Leqikerr" {Reflect rCorr Dex+6 SH+5}
Stlth   +++++        f - +6 ring of strength
HPRegen 0.33/turn    (no ring)
MPRegen 0.16/turn

%: reflection
@: mighty, agile, wreathed by umbra, studying Long Blades
A: hooves 3, demonic guardian 2, powered by pain 2, sharp scales 2
a: Renounce Religion, Shadow Step, Shadow Form


You were on level 12 of the Dungeon.
You worshipped Dithmenos.
Dithmenos was extremely pleased with you.
You visited 1 branch of the dungeon, and saw 12 of its levels.
You also visited: Sewer.

You collected 796 gold pieces.
You spent 227 gold pieces at shops.

Inventory:

Hand Weapons
 h - a +0 sling
 i - a +2 short sword
 r - a +1 dagger of draining
 v - a +7 morningstar (weapon)
 C - a +2 heavy hand axe
 D - a +4 mace
 F - a +2 eveningstar of flaming
 J - a +0 orcbow
 L - a +4 flail
Missiles
 o - 2 silver javelins
 z - 5 poisoned darts
Armour
 a - a +0 robe (worn)
 b - a +1 hat (worn)
 c - a +0 ring mail
 g - a +1 cloak (worn)
 y - a +1 pair of boots
 B - the +1 buckler of Painted Miracles (worn) {rElec Str+2}
   (You found it on level 5 of the Dungeon)

   Str+2:     It affects your strength (+2).
   rElec:     It insulates you from electricity.
 M - a +0 leather armour of poison resistance
 O - a +0 pair of gloves (worn)
Jewellery
 d - an amulet of regeneration
 f - a +6 ring of strength (left hand)
 k - the amulet "Leqikerr" (around neck) {Reflect rCorr Dex+6 SH+5}
   (You found it on level 3 of the Dungeon)

   [amulet of reflection]

   Reflect:   It reflects blocked missile attacks.
   Dex+6:     It affects your dexterity (+6).
   rCorr:     It protects you from acid and corrosion.
   SH+5:      It affects your SH (+5).
Wands
 n - a wand of mindburst (19)
 G - a wand of paralysis (4)
 H - a wand of quicksilver (7)
 K - a wand of flame (5)
Scrolls
 j - 2 scrolls of vulnerability
 l - a scroll of teleportation
 m - a scroll of poison
 q - 3 scrolls of blinking
 w - 3 scrolls of immolation
Potions
 e - 3 potions of curing
 p - 2 potions of lignification
 s - 2 potions of brilliance
 t - 3 potions of mutation
 u - 3 potions of ambrosia
 E - a potion of enlightenment
 N - a potion of invisibility


   Skills:
 - Level 4.7 Fighting
 + Level 11.9 Maces & Flails
 - Level 4.9 Dodging
 - Level 5.4 Stealth
 - Level 3.9 Shields
 - Level 5.0 Spellcasting
 - Level 4.9 Conjurations
 - Level 5.2 Fire Magic
 + Level 3.6 Invocations


You had 14 spell levels left.
You knew the following spells:

 Your Spells              Type           Power      Damage    Failure   Level
a - Foxfire               Conj/Fire      100%       2x1d9     1%          1
b - Scorch                Fire           54%        2d7       2%          2
c - Inner Flame           Hex/Fire       16%        N/A       14%         3

Your spell library contained the following spells:

 Spells                   Type           Power      Damage    Failure   Level
 Apportation              Tloc           10%        N/A       14%         1
 Volatile Blastmotes      Fire/Tloc      32%        2d12      14%         3
 Flame Wave               Conj/Fire      26%        2d8       17%         4
 Jinxbite                 Hex            10%        N/A       21%         2
 Ignite Poison            Fire/Alch      16%        N/A       43%         4
 Sticky Flame             Fire/Alch      16%        2d5       43%         4
 Alistair's Intoxication  Alch           3%         N/A       98%         5
 Ignition                 Fire           13%        3d6       100%        8


Dungeon Overview and Level Annotations

Branches:
Dungeon (12/15)            Temple (0/1) D:5            Lair (0/5) D:11
  Sewer (visited)
    Orc: D:9-12

Altars:
Cheibriados
Dithmenos
Gozag
Makhleb
Nemelex Xobeh
Qazlal
Ru
Vehumet
Wu Jian

Shops:
D:10 *

Annotations:
D:3 3 runed translucent doors, Hellonello's ghost, weakling OpSh
D:8 exclusion: upstairs


Innate Abilities, Weirdness & Mutations

You have hooves in place of feet.
A demonic guardian rushes to your aid.
You sometimes gain power by taking damage.
You are mostly covered in razor-sharp scales. (AC +2, Slay +2)


Message History

You feel very mighty all of a sudden. You block the vampire mage's attack. x2
You hit the vampire mage. You kick the vampire mage.
The vampire mage is moderately damaged.
The vampire mage gestures wildly while chanting.
The vampire mage flickers and vanishes!
Deactivating autopickup; reactivate with Ctrl-A.
You miss something. You kick something. Something hits you!
You block something's attack.
You thump something! Your kick misses something.
Something hits you but does no damage. Something barely misses you.
You puncture something! Your kick misses something.
Something draws life force from you!
You sock something! Your kick misses something. You barely miss something.
Your shadow barely misses something.
Something barely misses you. Something bites you but does no damage.
You barely miss something. Something hits you but does no damage.
You block something's attack.
You puncture something! Something draws life force from you!!
* * * LOW HITPOINT WARNING * * *
You focus on the pain.
You feel agile all of a sudden.
You feel much better.
You hear some strange, mumbled words.
You closely miss something. Something hits you! Something bites you.
Something draws strength from your injuries!
You block the wraith's attack.
You miss something. You kick something! Something draws life force from you!
* * * LOW HITPOINT WARNING * * *
The wraith closely misses you.
Casting: Scorch (safe; 2% risk of failure)
Confirm with . or Enter, or press ? or * to list all spells.
Flames lash the flayed ghost.
The flayed ghost is moderately damaged.
The flayed ghost's fire resistance burns away.
Something draws life force from you!!
* * * LOW HITPOINT WARNING * * *
A demonic guardian appears!
You focus on the pain.
You feel your power returning. The wraith hits you.
You die...

### ### #.#
#.# #.###.#
+.4.+.+
#.#W#.#
#.#@#.#
###.#{#.###
#.'.#W#.'.#
###'###'###
#.....#
###'#'#'###
#.'.#.#.'.#
###.###.###
.. #.#.'.#
....#


You could see a flayed ghost (summoned, combustible), a wraith (summoned, ally
target) and a friendly orange demon (summoned).

Vanquished Creatures
  A centaur warrior (D:8)
  3 cyclopes
  A gargoyle (D:12)
  4 trolls
  2 hornets
  5 vampires (D:12)
  A shadow (D:11)
  2 wyverns
  16 yaks
  A steam dragon (D:7)
  2 vampire mosquitoes (D:10)
  2 water moccasins
  An ice beast (D:6)
  2 orc warriors
  2 sky beasts
  3 black bears
  4 ogres
  3 centaurs
  3 phantoms
  2 kobold brigands
  5 bullfrogs
  A gnoll sergeant (D:5)
  5 scorpions
  6 wights
  2 howler monkeys
  An electric eel (D:9)
  4 hounds
  2 bombardier beetles
  2 jellies
  A gnoll bouda (D:8)
  9 orc priests
  A sleepcap (D:6)
  Natasha (thrice) (D:2)
  2 iguanas
  10 orc wizards
  14 gnolls
  10 adders
  4 river rats (Sewer)
  A shadow imp (D:7)
  A white imp (D:5)
  2 dart slugs (D:4)
  4 ribbon worms
  40 orcs
  14 endoplasms
  5 giant cockroaches
  8 goblins
  11 hobgoblins
  A quokka (D:1)
  19 ball pythons
  5 bats
  4 frilled lizards
  11 kobolds
  25 rats
293 creatures vanquished.

Vanquished Creatures (collateral kills)
  An ugly thing (D:10)
  An elephant (D:11)
  An orc warrior (D:11)
  An orc priest (D:4)
  7 foxfires (D:11)
11 creatures vanquished.

Vanquished Creatures (others)
  A kobold (D:10)
  657 foxfires
658 creatures vanquished.

Grand Total: 962 creatures vanquished

Notes
Turn   | Place    | Note
-------+----------+-------------------------------------------
     0 | D:1      | croobank the Demonspawn Fire Elementalist began the quest
                  | for the Orb.
     0 | D:1      | Reached XP level 1. HP: 13/13 MP: 3/3
   340 | D:1      | Found a faded altar of an unknown god.
   347 | D:1      | Gained mutation: You sometimes gain a little power by
                  | taking damage. [demonic ancestry]
   347 | D:1      | Reached XP level 2. HP: 19/19 MP: 3/5
   350 | D:1      | Learned a level 2 spell: Scorch
   370 | D:1      | Prayed at the altar of an unknown god.
   370 | D:1      | Became a worshipper of Dithmenos the Shadowed
   370 | D:1      | Reached * piety under Dithmenos
  1150 | D:2      | Noticed Natasha
  1169 | D:2      | Killed Natasha
  1170 | D:2      | Gained mutation: You have large cloven feet. [demonic
                  | ancestry]
  1170 | D:2      | Reached XP level 3. HP: 5/25 MP: 1/6
  1451 | D:2      | Reached skill level 1 in Fighting
  1493 | D:2      | Noticed Natasha
  1640 | D:2      | Gained mutation: You sometimes gain power by taking damage.
                  | [demonic ancestry]
  1640 | D:2      | Reached XP level 4. HP: 27/32 MP: 0/7
  1644 | D:2      | Killed Natasha
  1821 | D:2      | Noticed Natasha
  1826 | D:2      | Killed Natasha
  1945 | D:2      | Reached ** piety under Dithmenos
  2453 | D:3      | Gained mutation: You are partially covered in razor-sharp
                  | scales. (AC +1, Slay +1) [demonic ancestry]
  2453 | D:3      | Reached XP level 5. HP: 37/37 MP: 3/9
  2507 | D:3      | Found a runed translucent gate.
  2508 | D:3      | Found a runed translucent gate.
  2508 | D:3      | Found a runed translucent gate.
  2655 | D:3      | Found Zin's Purification Station.
  2687 | D:3      | Bought a potion of curing for 90 gold pieces
  3289 | D:3      | Noticed Hellonello's ghost (weakling OpSh)
  3431 | D:3      | Identified the amulet "Leqikerr" {Reflect rCorr Dex+6 SH+5}
  3578 | D:3      | Gained mutation: A weak demonic guardian rushes to your
                  | aid. [demonic ancestry]
  3578 | D:3      | Reached XP level 6. HP: 44/44 MP: 5/10
  4085 | D:5      | Entered Level 5 of the Dungeon
  4346 | D:4      | Found a glowing drain.
  4348 | D:4      | Reached *** piety under Dithmenos
  4399 | Sewer    | Entered a sewer
  4777 | Sewer    | Learned a level 3 spell: Inner Flame
  5132 | Sewer    | Reached XP level 7. HP: 45/51 MP: 6/12
  6232 | D:4      | Gained mutation: You have hoof-like feet. [demonic
                  | ancestry]
  6232 | D:4      | Reached XP level 8. HP: 32/58 MP: 1/14
  6560 | D:5      | Reached **** piety under Dithmenos
  6641 | D:5      | Identified the +1 buckler of Painted Miracles {rElec Str+2}
  6650 | D:5      | Found an ornate altar of the Wu Jian Council.
  6927 | D:5      | Reached skill level 1 in Shields
  7364 | D:5      | Found a sacrificial altar of Ru.
  7451 | D:5      | Found a staircase to the Ecumenical Temple.
  7544 | D:5      | Found a radiant altar of Vehumet.
  7895 | D:6      | Found a stormy altar of Qazlal.
  8135 | D:6      | Reached skill level 5 in Stealth
  8255 | D:6      | Gained mutation: You have hooves in place of feet. [demonic
                  | ancestry]
  8255 | D:6      | Reached XP level 9. HP: 65/65 MP: 8/15
  8414 | D:6      | Noticed a troll
  8428 | D:6      | Killed a troll
  8429 | D:6      | Reached skill level 5 in Fire Magic
  9126 | D:6      | Noticed a troll
  9155 | D:6      | Killed a troll
  9156 | D:6      | Reached skill level 5 in Spellcasting
  9578 | D:7      | Found a burning altar of Makhleb.
  9618 | D:7      | Reached skill level 1 in Maces & Flails
  9635 | D:7      | Noticed a two-headed ogre
  9637 | D:7      | Reached skill level 2 in Maces & Flails
  9639 | D:7      | Reached skill level 3 in Maces & Flails
 10155 | D:8      | Reached skill level 4 in Maces & Flails
 10158 | D:8      | Reached ***** piety under Dithmenos
 10264 | D:8      | Found a flagged portal.
 10442 | D:8      | Noticed a centaur warrior
 10451 | D:8      | Killed a centaur warrior
 10451 | D:8      | Noticed a troll
 10452 | D:8      | Reached skill level 5 in Maces & Flails
 10452 | D:8      | Gained mutation: You are mostly covered in razor-sharp
                  | scales. (AC +2, Slay +2) [demonic ancestry]
 10452 | D:8      | Reached XP level 10. HP: 18/73 MP: 6/17
 10456 | D:8      | Reached skill level 6 in Maces & Flails
 10682 | D:8      | Found a sparkling altar of Nemelex Xobeh.
 11037 | D:9      | Noticed a cyclops
 11043 | D:9      | Killed a cyclops
 11052 | D:9      | Reached skill level 7 in Maces & Flails
 11568 | D:9      | Reached skill level 8 in Maces & Flails
 11764 | D:9      | Reached skill level 9 in Maces & Flails
 12299 | D:10     | Entered Level 10 of the Dungeon
 12938 | D:10     | Reached skill level 10 in Maces & Flails
 12938 | D:10     | Gained mutation: A demonic guardian rushes to your aid.
                  | [demonic ancestry]
 12938 | D:10     | Reached XP level 11. HP: 76/78 MP: 7/18
 13048 | D:10     | Found an opulent altar of Gozag.
 13049 | D:10     | Found a snail-covered altar of Cheibriados.
 13153 | D:10     | Found Huczagg's General Store.
 13161 | D:10     | Bought a wand of flame (5) for 35 gold pieces
 13161 | D:10     | Bought a wand of mindburst (3) for 42 gold pieces
 13161 | D:10     | Bought a +0 leather armour of poison resistance for 60 gold
                  | pieces
 13180 | D:10     | Noticed a red ugly thing
 13191 | D:10     | Killed a red ugly thing
 13873 | D:11     | Reached skill level 11 in Maces & Flails
 14623 | D:11     | Found a staircase to the Lair.
 14917 | D:11     | Reached skill level 1 in Invocations
 15485 | D:12     | HP: 1/78 [something (19)]
 16058 | D:12     | Identified a scroll of acquirement
 16058 | D:12     | Acquired a +1 eveningstar of flaming
 16071 | D:12     | Found a shadowy altar of Dithmenos.
 16071 | D:12     | Noticed a vampire mage
 16090 | D:12     | Noticed a flayed ghost
 16092 | D:12     | HP: 2/78 [something (20)]
 16092 | D:12     | Slain by a wraith

Illustrated notes

Levels and vault maps discovered:
D:1:      wander_arrival_lonely_grave, layout_loops_ring,
          shapermc_ecumenical_altar_notcrosses
D:2:      layout_rooms, kennysheep_cross_room, minmay_quantized, uniq_natasha
D:3:      layout_basic, zin_purify, gammafunk_ghost_necromancy, grunt_decor_cap,
          minmay_checkerbox
D:4:      layout_rooms, portal_sewer_entry_e
D:5:      layout_cave_pools, lemuel_crystal_altar, nicolae_wu_jian_wuxing_cycle,
          minmay_temple_entry_large_hall, chequers_serial_rivers_room_a,
          hangedman_feature_mirror, chequers_serial_rivers_room_a
D:6:      minmay_chambers_of_fours, layout_loops_ring,
          nicolae_qazlal_general_emergency
D:7:      layout_basic, overflow_temple_1_default, lightli_temple_of_fire,
          dreamdust_mushroom_princess, uniq_pikel
D:8:      layout_loops_corners, nemelex_xobeh_ov_fountains_minmay,
          enter_bailey_4, minmay_small_thing
D:9:      layout_roguey, lightli_minifort
D:10:     layout_rooms, gammafunk_temple_overflow_pools, serial_shops,
          nicolae_shop_crystal
D:11:     layout_irregular_city, grunt_lair_entry_orc_guard_hut,
          kennysheep_generic_room_11
D:12:     layout_small_grid, david_orc_5, serial_library_hellmonk_h_bend,
          regret_index_xom_buried_treasure, nicolae_nh_vlads_tower

Skill      XL: |  1  2  3  4  5  6  7  8  9 10 11 |
---------------+----------------------------------+-----
Stealth        | 2 3 4 5 |  5.4
Dodging        | 2 3 4 |  4.9
Fire Magic     | 3 4 5 |  5.2
Fighting       | 1 2 3 4 |  4.7
Conjurations   | 2 3 4 |  4.9
Spellcasting   | 3 4 5 |  5.0
Shields        | 2 3 |  3.9
Maces & Flails | 5 10 11 | 11.9
Invocations    | 3 |  3.6

Action                     |  1- 3 |  4- 6 |  7- 9 | 10-12 || total
---------------------------+-------+-------+-------+-------++-------
  Melee: Unarmed           |     2 |       |       |       ||     2
         Short sword       |     9 |    67 |    16 |       ||    92
         Kick              |     2 |    27 |    13 |    31 ||    73
         Punch             |       |     1 |       |       ||     1
         Morningstar       |       |       |    40 |    85 ||   125
         Dagger            |       |       |       |     1 ||     1
   Cast: Foxfire           |    32 |    98 |   109 |   130 ||   369
         Scorch            |    15 |    44 |   100 |   108 ||   267
         Inner Flame       |       |       |       |     2 ||     2
    Use: Potion            |     1 |     4 |     1 |     7 ||    13
         Scroll            |     1 |    10 |    10 |    11 ||    32
   Stab: Sleeping          |       |     6 |     8 |     5 ||    19
         Distracted        |       |       |     1 |       ||     1
 Armour: Robe              |    20 |    49 |    59 |    80 ||   208
  Dodge: Dodged            |    20 |    49 |    70 |    72 ||   211
  Block: Other             |       |     5 |     8 |       ||    13
         Buckler           |       |       |    62 |    85 ||   147
         Reflection        |       |       |     1 |    10 ||    11

Table legend: (Time is in decaauts)
 A = Elapsed time spent in this place.
 B = Non-inter-level travel time spent in this place.
 C = Inter-level travel time spent in this place.
 D = Time resting spent in this place.
 E = Time spent auto-exploring this place.
 F = Levels seen in this place.
 G = Mean time per level.
                   A        B        C        D        E       F      G
               +--------+--------+--------+--------+--------+-----+--------+
         Total |  16137 |  15806 |    331 |   5566 |   7597 |  13 | 1241.3 |
       Dungeon |  15108 |  14777 |    331 |   5041 |   7304 |  12 | 1259.0 |
         Sewer |   1028 |   1028 |      0 |    525 |    293 |   1 | 1028.0 |
               +--------+--------+--------+--------+--------+-----+--------+

Top non-repeatable levels by time:
     D:4: 1804 daAuts
     D:9: 1790 daAuts
     D:6: 1689 daAuts
     D:3: 1421 daAuts
     D:8: 1362 daAuts
     D:2: 1296 daAuts
     D:5: 1282 daAuts
    D:11: 1176 daAuts
    D:10: 1129 daAuts
     D:1: 1087 daAuts
   Sewer: 1028 daAuts
    D:12: 975 daAuts
     D:7: 93 daAuts
